Map: Last Fantasy LE

Players

jeannysu - Winner!

  • Race: Terran Terran
  • Spawn Location: 3:00

VOD

Have the link to the VOD?

Description

Time

  • Played on: Sept. 1, 2025, 5:31 a.m.
  • Length: 17:53
Show
View Real Time Build Order
Export as new Build Order

jeannysu Terran - Winner!

Build Orders:  

Get SALT Encoding   

  12  0:00  SCV  
  13  0:21  Supply Depot  
  13  0:24  SCV  
  14  0:50  SCV  
  14  0:57  Barracks  
  15  1:00  Refinery  
  15  1:07  SCV  
  16  1:24  SCV  
  17  1:41  SCV  
  18  1:58  SCV  
  19  2:04  Supply Depot  
  14  2:10  Reaper  
  20  2:15  Orbital Command  
  20  2:40  Command Center  
  20  2:50  SCV  
  20  2:54  Refinery  
  21  3:03  Barracks Tech Lab  
  21  3:09  SCV  
  22  3:12  Stimpack  
  22  3:26  SCV  
  23  3:35  Barracks  
  23  3:42  Barracks  
  23  3:43  SCV  
  23  3:46  Marine  
  25  4:00  SCV  
  26  4:17  SCV  
  27  4:28  Unknown  
  27  4:40  Orbital Command  
  27  4:44  Refinery  
  27  4:58  Barracks Reactor  
  27  5:00  Barracks Reactor  
  27  5:05  SCV  
  27  5:08  Factory  
  28  5:14  Engineering Bay  
  28  5:20  SCV  
  29  5:30  SCV  
  29  5:35  Marine  
  29  5:37  SCV  
  32  5:52  SCV  
  32  5:53  Engineering Bay  
  32  5:54  SCV  
  34  6:00  Marine  
  34  6:05  Terran Infantry Weapons Level 1  
  34  6:09  SCV  
  36  6:11  SCV  
  36  6:13  Unknown  
  36  6:19  Marine  
  39  6:20  Marine x3  
  37  6:22  Factory Tech Lab  
  37  6:25  SCV  
  37  6:28  SCV  
  42  6:32  Supply Depot  
  42  6:35  Marine  
  42  6:39  Unknown  
  43  6:45  SCV  
  44  6:52  Marine x2  
  46  7:02  Marine x2, Siege Tank  
  46  7:07  Supply Depot  
  51  7:10  Terran Infantry Armor Level 1  
  51  7:17  Marauder  
  53  7:21  SCV  
  54  7:30  SCV  
  54  7:32  Marine  
  54  7:33  Marine  
  57  7:41  Starport  
  57  7:46  Supply Depot  
  57  7:48  SCV x2  
  59  7:58  Siege Tank  
  62  8:01  Marine  
  62  8:05  SCV x2  
  65  8:17  Armory  
  65  8:31  Command Center  
  65  8:38  Starport Reactor  
  65  8:48  Supply Depot, Barracks  
  65  8:51  Marine x2  
  65  8:52  Marine  
  65  8:55  Siege Tank x2  
  68  9:04  SCV  
  68  9:05  Refinery  
  69  9:21  SCV  
  69  9:25  Siege Tank  
  69  9:29  Supply Depot  
  73  9:30  Medivac x2  
  73  9:33  Marine x3  
  73  9:34  Marine  
  81  10:11  SCV x2  
  83  10:22  Terran Infantry Armor Level 2, Terran Infantry Weapons Level 2  
  83  10:29  Supply Depot  
  83  10:31  Medivac x2  
  83  10:32  Siege Tank  
  83  10:33  Marine x2  
  83  10:37  Barracks Tech Lab  
  92  10:42  Ghost Academy  
  92  10:43  Marine x2  
  92  10:44  Marine  
  95  10:58  Marine  
  96  11:25  Barracks  
  96  11:32  Marine x3  
  96  11:33  Marauder  
  96  11:35  Marine  
  96  11:36  Marine  
  96  11:39  Siege Tank  
  106  11:50  Planetary Fortress  
  106  11:53  SCV x2  
  108  12:07  Siege Tank x3  
  108  12:09  SCV  
  108  12:10  SCV  
  110  12:24  Siege Tank  
  110  12:26  SCV  
  110  12:27  SCV  
  110  12:28  Siege Tank x3  
  115  12:43  SCV  
  115  12:44  SCV  
  108  13:00  Siege Tank x3  
  102  13:23  Command Center, Siege Tank x3  
  102  13:24  Supply Depot  
  102  13:30  Marine x7, SCV x2  
  109  13:49  Siege Tank x2  
  109  13:50  Siege Tank  
  109  13:53  Siege Tank x2  
  109  13:55  Marine x7  
  119  14:20  Marauder x2, Marine x5  
  128  14:38  Siege Tank  
  131  14:45  Marine  
  131  14:48  Marine x2  
  134  14:50  Siege Tank x4  
  134  14:52  Marine x2  
  134  14:53  Marine  
  134  15:01  Supply Depot  
  134  15:03  Marine, Medivac x2  
  134  15:09  Orbital Command  
  138  15:10  Marine  
  138  15:13  Refinery x2, Marine  
  138  15:18  Marauder  
  139  15:28  Marauder  
  140  15:51  Medivac x2  
  140  15:57  SCV x3  
  140  15:58  Marauder  
  149  16:14  Supply Depot, SCV x2  
  149  16:50  Marine x3  
  149  16:51  Marauder x2  
  149  16:53  Siege Tank  
  157  17:20  Marine  
  157  17:21  Marauder  
  157  17:22  Marine  
  157  17:23  Barracks Tech Lab  
  157  17:26  Marine  
Tags
 
Matchup
Co-op
Replay Pack
새 폴더
Add a new tag
Caveats
  • Supply blocks, unpowered buildings, or Contaminate may cause inaccurate times.
  • Supply counts are checked every 10 seconds.